 Dungeon Crawl Stone Soup version 0.26.1-11-gd32895ea62 (webtiles) character file.

Game seed: 17773378816203116906

121 Dragandan the Vandal (level 5, -10/34 HPs)
             Began as a Halfling Hunter on May 21, 2021.
             Mangled by Sigmund
             ... wielding a +0 scythe
              (16 damage)
             ... on level 2 of the Dungeon.
             The game lasted 00:42:00 (1882 turns).

Dragandan the Vandal (Halfling Hunter)              Turns: 1882, Time: 00:42:01

Health: -10/34     AC:  3    Str: 13    XL:     5   Next: 26%
Magic:  5/5        EV: 15    Int:  9    God:
Gold:   95         SH:  0    Dex: 16    Spells: 4/4 levels left

rFire    . . .     SeeInvis .   a - +1 hunting sling
rCold    . . .     Faith    .   (shield restricted)
rNeg     . . .     Spirit   .   c - +0 leather armour
rPois    .         Reflect  .   (no helmet)
rElec    .         Harm     .   (no cloak)
rCorr    .         Rampage  .   (no gloves)
Will     .....                  (no boots)
Stlth    ++........             (no amulet)
HPRegen  0.11/turn              (no ring)
MPRegen  0.09/turn              (no ring)

@: about to teleport, attractive
A: small, mutation resistance 1
a: no special abilities


You were on level 2 of the Dungeon.
You visited 1 branch of the dungeon, and saw 2 of its levels.

You collected 95 gold pieces.

Inventory:

Hand Weapons
 a - a +1 hunting sling (weapon)
 b - a +0 short sword
 k - a +1 hunting sling of freezing
 q - a +1 dagger of venom
Missiles
 d - 8 sling bullets (quivered ammo)
 e - 46 stones
 n - 5 curare-tipped darts
Armour
 c - a +0 leather armour (worn)
Jewellery
 h - an uncursed ring of wizardry {unknown}
 o - a cursed ring of willpower {unknown}
Scrolls
 g - 2 scrolls of identify {unknown}
 i - a scroll of remove curse {unknown}
 l - a scroll of amnesia {unknown}
 p - a scroll of teleportation
Potions
 j - a potion of might {unknown}
 m - a potion of attraction


   Skills:
 + Level 2.1 Fighting
 * Level 1.0 Short Blades
 * Level 7.8 Slings
 + Level 0.1(3.2) Throwing
 - Level 0.1 Armour
 * Level 2.7 Dodging
 * Level 2.1 Stealth


You had 4 spell levels left.
You didn't know any spells.
Your spell library was empty.

Dungeon Overview and Level Annotations

Branches:
Dungeon (2/15)

Altars:
Qazlal
Trog
Uskayaw

Annotations:
D:2 Sigmund


Innate Abilities, Weirdness & Mutations

You are small and have problems with some larger weapons.
You are somewhat resistant to further mutation.


Message History

g - Guard the area. f - Follow me.
Anything else - Cancel.
Okay, then.
Okay, then.
You start resting.
A magic dart appears from out of thin air!
The magic dart hits you!
You can't go up here!
A magic dart appears from out of thin air!
The magic dart hits you!
* * * LOW HITPOINT WARNING * * *
It was a potion of attraction.
You feel attractive to monsters. Something is pulled toward you!
As you read the scroll labelled POFFI UKKEEC, it crumbles to dust.
You feel strangely unstable.
It was a scroll of teleportation.
You hear some strange, mumbled words.
Something tries to affect you, but you resist.
Something hits you!
You die...

### .(. ..# #.# .. #.# #.# ....#
#.# ### .#.# #.# ..# (.# #.#
..#### ########## #.# #.#
...#.##.#.......# #.# #.#
...#.#..##.#.#######.#.# #.#
##.#.#.###.#....@....#.# #.#
#..)......#..########.# #.#
####.#.#####.....# #.# #.#
.....#.# #.###{# #.# #.# ###.##.#
#.# #.#####.# #.# ....##.### #.#
#.......# #.# ######...#
#.##################.# .....'...#
#.....................
######...###.........#####.######


There were no monsters in sight!

Vanquished Creatures
  Terence (D:2)
  A worker ant (D:2)
  An adder (D:2)
  An ooze (D:1)
  4 dart slugs (D:1)
  2 leopard geckos
  9 bats
  2 giant cockroaches
  8 goblins
  9 hobgoblins
  A quokka (D:2)
  2 frilled lizards (D:2)
  4 kobolds
  3 rats
48 creatures vanquished.

Notes
Turn   | Place    | Note
-------+----------+-------------------------------------------
     0 | D:1      | Dragandan the Halfling Hunter began the quest for the Orb.
     0 | D:1      | Reached XP level 1. HP: 14/14 MP: 1/1
    54 | D:1      | Reached skill level 6 in Slings
    68 | D:1      | Reached XP level 2. HP: 17/19 MP: 2/2
   217 | D:1      | Reached XP level 3. HP: 24/24 MP: 3/3
  1169 | D:2      | Reached skill level 7 in Slings
  1169 | D:2      | Reached XP level 4. HP: 29/29 MP: 4/4
  1192 | D:2      | Found a hide-covered altar of Uskayaw.
  1192 | D:2      | Found a bloodstained altar of Trog.
  1417 | D:2      | Found a stormy altar of Qazlal.
  1444 | D:2      | Noticed Terence
  1457 | D:2      | Killed Terence
  1628 | D:2      | Reached skill level 1 in Short Blades
  1628 | D:2      | Reached XP level 5. HP: 24/34 MP: 5/5
  1844 | D:2      | Noticed Sigmund
  1882 | D:2      | Mangled by Sigmund

Illustrated notes

Levels and vault maps discovered:
D:1:      psy_arrival_spokes, layout_loops_cross
D:2:      layout_basic, nicolae_qazlal_general_emergency,
          lemuel_coloured_pillars_altar,
          chequers_temple_overflow_statue_of_worship, minmay_tiny_reverse_x,
          uniq_sigmund, uniq_terence

Skill      XL: |  1  2  3  4 |
---------------+-------------+-----
Slings         | 6 7 |  7.8
Fighting       | 2 |  2.1
Stealth        | 2 |  2.1
Short Blades   | 1 |  1.0
Throwing       | |  0.1
Armour         | |  0.1
Dodging        | |  2.7

Action                   |  1- 3 |  4- 6 || total
-------------------------+-------+-------++-------
Melee: Short sword       |    43 |       ||    43
       Dagger            |       |    10 ||    10
 Fire: Hunting sling     |    56 |    50 ||   106
Throw: Stone             |     7 |    10 ||    17
       Dart              |     1 |       ||     1
  Use: Potion            |     1 |     3 ||     4
       Scroll            |       |     1 ||     1
 Stab: Sleeping          |     1 |       ||     1
Armor: Leather armour    |    12 |     2 ||    14
Dodge: Dodged            |    40 |    28 ||    68
